[Event "8th Amsterdam Summer Open-A 2018"]
[Site "Amsterdam"]
[Date "2018.07.12"]
[Round "6"]
[White "Riemersma, Li"]
[Black "Lai, Hing Ting"]
[Result "0-1"]
[ECO "E46"]
[WhiteElo "2458"]
[BlackElo "2447"]
[Annotator "ChessBase"]
[PlyCount "88"]
[EventDate "2018.07.07"]
[EventType "swiss"]
[EventCountry "NED"]
[SourceTitle "playchess.com"]
[Source "ChessBase"]
[SourceQuality "1"]
[TimeControl "40/5400+30:1800+30"]

1. d4 Nf6 2. c4 e6 3. Nc3 Bb4 4. e3 O-O 5. Nge2 c6 6. a3 Ba5 7. g3 d5 8. cxd5 Qxd5 9. Rg1 Qd6 10. Bg2 e5 11. dxe5 Qxe5 12. Qd4 Qe7 13. Bd2 Rd8 14. Qa4 Bb6 15. Ne4 Nd5 16. Nf4 Bf5 17. Nxd5 cxd5 18. Bb4 Qe5 19. Bc3 d4 20. exd4 Bxd4 21. O-O-O Nc6 22. Rge1 b5 23. Qb3 Rac8 24. Ng5 Qf6 25. Bxc6 Qxg5+ 26. f4 Qf6 27. Rxd4 Rxd4 28. Qxb5 h6 29. Re8+ Rxe8 30. Bxe8 Qe6 31. Qe5 Qxe5 32. fxe5 Rd8 33. Bc6 g5 34. Bf3 Kh7 35. Bh5 Be6 36. Bd1 Kg6 37. g4 h5 38. gxh5+ Kh6 39. b4 Rd3 40. Bd2 Rxa3 41. Be1 Ra1+ 42. Kd2 Ra2+ 43. Ke3 Rxh2 44. Bg3 Rb2 0-1

[Event "8th Amsterdam Summer Open-A 2018"]
[Site "Amsterdam"]
[Date "2018.07.12"]
[Round "6"]
[White "Kollen, Zyon"]
[Black "Grooten, Herman"]
[Result "1-0"]
[ECO "B22"]
[WhiteElo "2313"]
[BlackElo "2384"]
[Annotator "NA"]
[PlyCount "79"]
[EventDate "2018.07.07"]
[EventType "swiss"]
[EventCountry "NED"]
[SourceTitle "playchess.com"]
[Source "ChessBase"]
[SourceQuality "1"]
[TimeControl "40/5400+30:1800+30"]

1. e4 c5 2. Nf3 a6 3. c3 e6 4. d4 d5 5. exd5 exd5 6. Qe2+ Be6 7. Ng5 Qd7 8. g3 Nc6 9. Bh3 O-O-O (9... Nd8 $16 {was worth a try.}) 10. Nxe6 Re8 11. Be3 fxe6 12. dxc5 Nf6 13. Nd2 Kb8 $18 14. O-O-O Qf7 15. f4 Nd7 16. Nb3 g6 17. Nd4 Bxc5 18. Nxc6+ bxc6 19. Rhe1 Kb7 20. Rd3 Re7 21. Bxc5 Nxc5 22. Re3 Rhe8 23. b4 Ne4 24. Bf1 e5 25. Qxa6+ Kb8 26. fxe5 Ra7 27. Qb6+ Rb7 28. Qd4 Qf2 29. Rxe4 Qxa2 30. R4e2 Qa3+ 31. Kd2 c5 32. bxc5 Rb3 33. Bg2 Rc8 34. e6 Rxc5 35. e7 Qb2+ 36. Ke3 Rbxc3+ 37. Kf2 Rf3+ 38. Kxf3 Qxd4 39. e8=Q+ Kb7 40. Rb1+ 1-0

[Event "8th Amsterdam Summer Open-A 2018"]
[Site "Amsterdam"]
[Date "2018.07.12"]
[Round "6"]
[White "Van Baar, Esper"]
[Black "Cornelisse, John"]
[Result "1-0"]
[ECO "C77"]
[WhiteElo "2252"]
[BlackElo "2132"]
[Annotator "NA"]
[PlyCount "48"]
[EventDate "2018.07.07"]
[EventType "swiss"]
[EventCountry "NED"]
[SourceTitle "playchess.com"]
[Source "ChessBase"]
[SourceQuality "1"]
[TimeControl "40/5400+30:1800+30"]

1. e4 e5 2. Nf3 Nc6 3. Bb5 a6 4. Ba4 Nf6 5. d3 d6 6. c4 Be7 7. h3 O-O 8. Be3 Nd7 9. Nc3 {[%emt 0:01:32] LiveBook: 17 Partien} Re8 10. O-O Nf8 11. d4 exd4 12. Nxd4 Bd7 13. Bxc6 bxc6 14. Qd3 Bf6 $11 15. Rad1 Qb8 16. b3 Qb7 17. f3 a5 18. Nde2 Qc8 19. c5 Be7 20. cxd6 cxd6 21. Bf4 Rd8 22. Na4 Qb7 23. Bxd6 Bxh3 24. e5 Bf5 1-0

[Event "8th Amsterdam Summer Open-A 2018"]
[Site "Amsterdam"]
[Date "2018.07.12"]
[Round "6"]
[White "Hildenbrand, Peter"]
[Black "Elgersma, Onno"]
[Result "1-0"]
[ECO "C00"]
[WhiteElo "2226"]
[BlackElo "2150"]
[Annotator "NA"]
[PlyCount "95"]
[EventDate "2018.07.07"]
[EventType "swiss"]
[EventCountry "NED"]
[SourceTitle "playchess.com"]
[Source "ChessBase"]
[SourceQuality "1"]
[TimeControl "40/5400+30:1800+30"]

1. e4 e6 2. Qe2 c5 3. g3 Nc6 4. Nf3 g6 5. Nc3 d6 6. b3 Bg7 7. Bb2 Nge7 8. h4 h6 9. Bg2 Rb8 10. Nd1 e5 11. Ne3 Be6 $11 12. h5 Qd7 13. hxg6 fxg6 14. c3 b5 15. Rd1 b4 16. Ba1 bxc3 17. dxc3 O-O 18. Nd2 Nd8 19. Ndc4 Nf7 20. Rd2 Rbd8 21. O-O Nc8 22. Rfd1 Bh3 23. f4 Bxg2 24. Kxg2 exf4 25. gxf4 Qe6 26. Nd5 Rde8 27. Re1 Qd7 28. Rd3 Ne7 29. Nce3 Nd8 30. c4 Bxa1 31. Rxa1 Ne6 32. Rf1 Nxd5 33. Nxd5 Nd4 34. Qe3 Qg4+ 35. Kh2 Nf5 36. Qe1 Nd4 37. Rg3 Qh4+ 38. Kg2 Nf5 39. exf5 Rxe1 40. Rxe1 Rxf5 41. Rh1 Qd8 42. Rxh6 g5 43. Rgh3 Rf8 44. f5 Qa5 45. Rh8+ Kf7 46. R3h7+ Ke8 47. Re7+ Kd8 48. Rxf8# {[%emt 0:00:00] Ke8 [%emt 00:00:58]} 1-0

[Event "8th Amsterdam Summer Open-A 2018"]
[Site "Amsterdam"]
[Date "2018.07.12"]
[Round "6"]
[White "Kohler, Aran"]
[Black "Bosboom, Manuel"]
[Result "1/2-1/2"]
[ECO "B00"]
[WhiteElo "2175"]
[BlackElo "2403"]
[Annotator "NA"]
[PlyCount "34"]
[EventDate "2018.07.07"]
[EventType "swiss"]
[EventCountry "NED"]
[SourceTitle "playchess.com"]
[Source "ChessBase"]
[SourceQuality "1"]
[TimeControl "40/5400+30:1800+30"]

1. d4 b6 2. e4 Bb7 3. Nc3 e6 4. a3 g6 (4... d5 $14) 5. h4 {[%emt 0:00:19] LiveBook: 3 Games B00: Damenfianchetto, Nimzowitsch-Verteidigung} h5 6. Bg5 Be7 7. Qd2 $146 ({Vorgänger:} 7. Nh3 d6 8. Qd2 Nd7 9. Bc4 Ngf6 10. d5 e5 11. g3 a6 12. a4 Bc8 {0-1 (49) Parligras,M (2490)-Nevednichy,V (2555) Curtea de Arges 2002}) 7... Nf6 8. e5 Ne4 9. Nxe4 Bxe4 10. f3 Bb7 11. O-O-O Nc6 12. f4 Bxg5 13. hxg5 Ne7 14. Rh3 Rg8 15. Bd3 d6 16. Re3 Qd7 $11 17. Nf3 Bxf3 1/2-1/2

[Event "8th Amsterdam Summer Open-A 2018"]
[Site "Amsterdam"]
[Date "2018.07.12"]
[Round "6"]
[White "Mesman, Edwyn"]
[Black "De Boer, Eelke"]
[Result "1-0"]
[ECO "A84"]
[WhiteElo "2100"]
[BlackElo "2317"]
[Annotator "NA"]
[PlyCount "97"]
[EventDate "2018.07.07"]
[EventType "swiss"]
[EventCountry "NED"]
[SourceTitle "playchess.com"]
[Source "ChessBase"]
[SourceQuality "1"]
[TimeControl "40/5400+30:1800+30"]

1. d4 e6 2. c4 f5 3. Nf3 Nf6 4. g3 g6 5. Bg2 Bg7 6. b4 O-O 7. Bb2 {[%emt 0:00:17] LiveBook: 5 Partien} Qe7 8. a3 d6 9. O-O Nbd7 10. Nbd2 e5 11. dxe5 dxe5 {[%emt 0:00:07] [#]} (11... Nxe5 $11 12. Qb3 c6) 12. e4 $1 c5 13. Qe2 $11 (13. exf5 $16 gxf5 14. Re1) 13... f4 14. Nb1 b6 15. Nc3 Ba6 16. b5 Bb7 17. Rad1 h6 18. Nh4 Kh7 19. Rd2 Rfd8 20. Re1 Ne8 21. Bh3 Nd6 22. Rc2 Nf8 23. Nd5 Qf7 24. Nf3 Re8 25. Rd1 Rad8 26. a4 Bc8 27. Bxc8 Nxc8 28. a5 g5 29. Ra1 Ng6 30. g4 Nge7 31. h3 Nxd5 32. cxd5 Nd6 33. axb6 axb6 34. Ra6 Rb8 35. Rxc5 bxc5 36. Rxd6 Qb7 37. b6 Rbd8 38. Rc6 Rc8 39. Qb5 c4 40. Qxc4 Rxc6 41. Qxc6 Qb8 42. d6 Rc8 43. Qd7 Rd8 44. Qf5+ Kg8 45. Bxe5 Qxb6 46. Qe6+ Kh7 47. Qf7 Rg8 48. Qf5+ Kh8 49. Qg6 1-0

[Event "8th Amsterdam Summer Open-A 2018"]
[Site "Amsterdam"]
[Date "2018.07.12"]
[Round "6"]
[White "Buijten, Arno"]
[Black "Vroombout, Enrico"]
[Result "0-1"]
[ECO "E74"]
[WhiteElo "2078"]
[BlackElo "2132"]
[Annotator "NA"]
[PlyCount "54"]
[EventDate "2018.07.07"]
[EventType "swiss"]
[EventCountry "NED"]
[SourceTitle "playchess.com"]
[Source "ChessBase"]
[SourceQuality "1"]
[TimeControl "40/5400+30:1800+30"]

1. d4 Nf6 2. c4 g6 3. Nc3 Bg7 4. e4 d6 5. Be2 O-O 6. Bg5 c5 7. d5 b5 8. cxb5 a6 9. bxa6 Qa5 10. Qd2 {[%emt 0:13:23] LiveBook: 14 Games} Nxa6 11. f4 $11 (11. Nf3 $14) 11... Nb4 12. Nf3 Ba6 13. O-O Bxe2 14. Qxe2 Qa6 15. Qd2 Qc4 16. a3 Nd3 17. e5 Rfb8 18. Rab1 dxe5 19. b3 Rxb3 20. Rxb3 Qxb3 21. Nxe5 Nxe5 22. fxe5 Ng4 23. Bxe7 Bxe5 24. Ne4 Bd4+ 25. Kh1 Qxd5 26. Bxc5 Qe5 27. Bd6 Qxe4 0-1

[Event "8th Amsterdam Summer Open-A 2018"]
[Site "Amsterdam"]
[Date "2018.07.12"]
[Round "6"]
[White "Bogaard, Milo"]
[Black "Elgersma, Simon"]
[Result "0-1"]
[ECO "E72"]
[WhiteElo "2073"]
[BlackElo "2263"]
[Annotator "NA"]
[PlyCount "78"]
[EventDate "2018.07.07"]
[EventType "swiss"]
[EventCountry "NED"]
[SourceTitle "playchess.com"]
[Source "ChessBase"]
[SourceQuality "1"]
[TimeControl "40/5400+30:1800+30"]

1. c4 Nf6 2. Nc3 g6 3. g3 Bg7 4. Bg2 O-O 5. e4 d6 6. Nge2 e5 7. O-O c6 8. d4 Nbd7 9. h3 Qc7 10. Be3 {[%emt 0:01:30] LiveBook: 3 Games} Re8 11. d5 a6 12. Qd2 cxd5 13. cxd5 b5 14. Rfc1 Qb8 15. Rc2 $14 Nb6 16. b3 Bd7 17. a4 b4 18. Nd1 a5 19. Nb2 Rc8 20. Rac1 Ne8 21. Kh2 Qb7 22. Rxc8 Rxc8 23. Rxc8 Bxc8 24. Qc2 Bd7 25. Nc4 Nxc4 26. Qxc4 h5 27. Nc1 Bf6 28. Nd3 Bd8 29. f4 f6 30. fxe5 fxe5 31. Bc1 Bb6 32. Bb2 Qc8 33. Qc1 Qxc1 34. Nxc1 Nf6 35. Nd3 Bc8 36. Bxe5 dxe5 37. Nxe5 Bc7 38. Nc4 Ba6 39. Nd2 h4 0-1

[Event "8th Amsterdam Summer Open-A 2018"]
[Site "Amsterdam"]
[Date "2018.07.12"]
[Round "6"]
[White "Pham, Khoi"]
[Black "Brink, Barry"]
[Result "0-1"]
[ECO "B48"]
[WhiteElo "2037"]
[BlackElo "2342"]
[Annotator "NA"]
[PlyCount "52"]
[EventDate "2018.07.07"]
[EventType "swiss"]
[EventCountry "NED"]
[SourceTitle "playchess.com"]
[Source "ChessBase"]
[SourceQuality "1"]
[TimeControl "40/5400+30:1800+30"]

1. e4 c5 2. Nf3 e6 3. d4 cxd4 4. Nxd4 Nc6 5. Nc3 Qc7 6. Be3 Nf6 7. Bd3 a6 8. O-O Ne5 9. h3 Bc5 10. Kh1 d6 11. f4 Ng6 12. Qe1 O-O 13. f5 Ne5 14. Qh4 b5 15. Rf3 {[%emt 0:05:37] [#]} (15. Nce2 $11 {keeps the balance.}) 15... exf5 $1 (15... Nxf3 16. gxf3 Kh8 17. Rg1 $15) 16. exf5 Nxf3 {[%emt 0:08:30] LiveBook: 8 Games} 17. gxf3 Bb7 18. Rg1 $1 {[%emt 0:04:13] [#]} Bxf3+ $1 19. Kh2 $19 (19. Nxf3 $15 Bxe3 20. Qxf6 Bxg1 21. Qg5) 19... Qe7 20. Qg3 Qe5 21. Bf4 Ng4+ 22. hxg4 Qxd4 23. Rf1 Bb7 24. Qh4 f6 25. Bd2 Rae8 26. Rf4 Qg1+ 0-1

[Event "8th Amsterdam Summer Open-A 2018"]
[Site "Amsterdam"]
[Date "2018.07.12"]
[Round "6"]
[White "Prior, Stephen C V"]
[Black "Kokje, Joris"]
[Result "0-1"]
[ECO "A15"]
[WhiteElo "2025"]
[BlackElo "2242"]
[Annotator "NA"]
[PlyCount "130"]
[EventDate "2018.07.07"]
[EventType "swiss"]
[EventCountry "NED"]
[SourceTitle "playchess.com"]
[Source "ChessBase"]
[SourceQuality "1"]
[TimeControl "40/5400+30:1800+30"]

1. Nf3 d6 2. b3 e5 3. Bb2 Nf6 4. g3 g6 (4... e4 $5 5. Nd4 d5 $15) 5. Bg2 Bg7 6. c4 O-O 7. O-O Nc6 8. d3 {[%emt 0:03:35] LiveBook: 85 Games} Nd7 {[%emt 0:08:42] A15: English Opening: 1...Nf6} (8... Nh5 9. Nc3 f5 10. Rc1 g5 11. Nd2 g4 12. c5 Be6 13. cxd6 cxd6 14. Nd5 f4 15. Bh1 Nf6 16. Nxf6+ Rxf6 17. d4 exd4 {½-½ (63) Bacrot,E (2697)-Adhiban,B (2674) Berlin 2015}) 9. Nc3 f5 10. Nd2 g5 11. Nd5 $146 ({Predecessor:} 11. a3 Kh8 12. e3 g4 13. Nd5 Ne7 14. Nxe7 Qxe7 15. f4 Nc5 16. Qe2 {0-1 (33) Kappes,D-Gollasch,T Mannheim 1987}) 11... Ne7 12. Qc2 Ng6 13. Rac1 c6 14. Nc3 Nf6 15. b4 h5 16. b5 c5 $11 17. Nd5 Ng4 18. a4 h4 19. a5 Rb8 20. b6 a6 21. Nc7 Qf6 22. Nf3 Nh6 23. e3 g4 24. Nd2 Qg5 25. Rce1 Qh5 26. d4 cxd4 27. exd4 f4 28. Bd5+ Kh8 29. Be6 Nf7 30. Ne4 Bxe6 31. Nxe6 Rfe8 32. Nxg7 Kxg7 33. d5 Rbc8 34. c5 Rxc5 35. Nxc5 dxc5 36. gxf4 Nxf4 37. d6 Nxd6 38. Qxc5 Nf7 39. Qe3 Qf5 40. Qe4 Qxe4 41. Rxe4 Kg6 42. Rc4 Ng5 43. Rc7 Rd8 44. Bc1 Ngh3+ 45. Kh1 Nxf2+ 46. Kg1 N2h3+ 47. Kh1 Rd5 48. Bxf4 exf4 49. Rxb7 Rd2 50. Rc1 g3 51. hxg3 hxg3 52. Rc6+ Kf5 53. Rf7+ Ke4 54. Re7+ Kf3 55. Rc3+ Kf2 56. Rc1 g2+ 57. Kh2 g1=Q+ 58. Rxg1 Nxg1 59. Rc7 Kf1+ 60. Kh1 Nf3 61. Rc1+ Kf2 62. b7 Rb2 63. b8=Q Rxb8 64. Rc2+ Ke3 65. Rc6 Rh8+ 0-1

[Event "8th Amsterdam Summer Open-A 2018"]
[Site "Amsterdam"]
[Date "2018.07.12"]
[Round "6"]
[White "Romkes, Abel"]
[Black "Mijnheer, Peter"]
[Result "1-0"]
[ECO "C68"]
[WhiteElo "2018"]
[BlackElo "2106"]
[Annotator "NA"]
[PlyCount "119"]
[EventDate "2018.07.07"]
[EventType "swiss"]
[EventCountry "NED"]
[SourceTitle "playchess.com"]
[Source "ChessBase"]
[SourceQuality "1"]
[TimeControl "40/5400+30:1800+30"]

1. e4 e5 2. Nf3 Nc6 3. Bb5 a6 4. Bxc6 dxc6 5. O-O Bd6 6. d4 exd4 7. Qxd4 f6 8. Be3 {[%emt 0:00:18] LiveBook: 234 Games} Be6 9. Nbd2 Ne7 10. Qc3 O-O 11. Nc4 Ng6 12. Rad1 Qe7 13. a3 Kh8 $14 14. Nfd2 Rae8 15. f4 Bc5 16. Rde1 f5 17. e5 Rd8 18. b4 Bxe3+ 19. Nxe3 Rd7 20. Rd1 Rfd8 21. g3 Qf7 22. Nf3 h6 23. Rxd7 Rxd7 24. Rd1 Rxd1+ 25. Nxd1 Qd7 26. Ne3 Ne7 27. Qd4 Nd5 28. Kf2 Qf7 29. Qd3 Kg8 30. Nd4 g6 31. Nb3 Nxe3 32. Kxe3 Bxb3 33. Qxb3 Qxb3+ 34. cxb3 Kf7 35. Kd4 b6 36. a4 Ke6 37. Kc4 g5 38. b5 axb5+ 39. axb5 c5 40. h3 g4 41. h4 h5 42. Kc3 Kd5 43. Kd3 c6 44. bxc6 Kxc6 45. b4 cxb4 46. Kc4 b3 47. Kxb3 Kd5 48. Kb4 Ke4 49. e6 Kf3 50. e7 Kxg3 51. e8=Q Kxh4 52. Kc3 Kg3 53. Qxh5 Kxf4 54. Kd3 b5 55. Ke2 b4 56. Qh2+ Ke4 57. Qg2+ Kf4 58. Qf2+ Kg5 59. Qe3+ Kh5 60. Qf4 1-0